cohdb
Replays
Latest Replays
All Replays
Popular Replays
Top Player Replays
Match Explorer
How It Works
Community
CoH3 Stats
Reddit
Sign in to upload your games and track your stats! →
Sign in with Steam
Match 44519526
Unlisted
Match 44519526
Overview
Messages
Build Orders
End
Kettenkrad Recon Vehicle
Construct Infanterie Kompanie
Selects Terror Battlegroup
Selects Terror Battlegroup
Selects Terror Battlegroup
MG 42 Machine Gun Team
GrW 34 Mortar Team
MG 42 Machine Gun Team
MG 42 Machine Gun Team
Construct Luftwaffe Kompanie
MG 42 Machine Gun Team
MG 42 Machine Gun Team
Support Elements
Selects Heavy Gunnery
Selects Contempt for the Weak
Wirbelwind Flakpanzer
Kettenkrad Recon Vehicle
Selects Propaganda Leaflet Drop
Kettenkrad Recon Vehicle
Construct Panzer Kompanie
Propaganda Leaflet Drop
MG 42 Machine Gun Team
Kettenkrad Recon Vehicle
Propaganda Leaflet Drop
MG 42 Machine Gun Team
Panzer IV Medium Tank
MG 42 Machine Gun Team
Panzer IV Medium Tank
MG 42 Machine Gun Team
nq8054
国窖1573
JT
Shark Chili
banstyle
Bulls 4 Palestine!
Trans Rights r Human Rights
Tirant
0
0
Comments
sign in to comment!
No comments posted yet!